 Dungeon Crawl Stone Soup version 0.29-a0-194-g6e3aafee17 (webtiles) character file.

Game seed: 9525418920034315062

279 bande the Covered (level 6, -7/38 HPs)
             Began as a Gargoyle Fighter on Feb 23, 2022.
             Mangled by an ogre
             ... wielding a +0 giant spiked club
              (19 damage)
             ... on level 4 of the Dungeon.
             The game lasted 00:05:55 (2633 turns).

bande the Covered (Gargoyle Fighter)                Turns: 2633, Time: 00:05:55

Health: -7/38      AC: 13    Str: 19    XL:     6   Next: 26%
Magic:  15/15      EV:  9    Int:  9    God:
Gold:   141        SH:  5    Dex: 11    Spells: 5/5 levels left

rFire   . . .      SeeInvis +   a - +1 war axe
rCold   . . .      Faith    .   c - +1 buckler
rNeg    + . .      Spirit   .   b - +0 scale mail
rPois   ∞          Reflect  .   (no helmet)
rElec   +          Harm     .   (no cloak)
rCorr   .          Rampage  .   i - +0 pair of gloves
Will    .....                   t - +0 pair of boots
Stlth   ..........              o - amulet of regeneration
HPRegen 0.92/turn               e - ring of see invisible
MPRegen 0.14/turn               f - ring of magical power

@: no status effects
A: sickness immunity, AC +4, negative energy resistance 1, electricity
resistance, torment resistance 1, petrification resistance
a: no special abilities


You were on level 4 of the Dungeon.
You visited 1 branch of the dungeon, and saw 4 of its levels.

You collected 141 gold pieces.

Inventory:

Hand Weapons
 a - a +1 war axe (weapon)
 q - a +0 flail
Armour
 b - a +0 scale mail (worn)
 c - a +1 buckler (worn)
 i - a +0 pair of gloves (worn)
 t - a +0 pair of boots (worn)
Jewellery
 e - a ring of see invisible (left hand)
 f - a ring of magical power (right hand)
 g - a ring of ice
 o - an amulet of regeneration (around neck)
 p - a ring of ice
Wands
 n - a wand of acid (9)
Scrolls
 l - 3 scrolls of teleportation
Potions
 d - 2 potions of might
 h - a potion of brilliance
 j - a potion of cancellation
 r - a potion of ambrosia
 s - 2 potions of curing


   Skills:
 + Level 4.0 Fighting
 + Level 4.0 Axes
 + Level 4.3 Armour
 + Level 3.9 Shields
 * Level 1.9 Evocations


You had 5 spell levels left.
You didn't know any spells.
Your spell library contained the following spells:

 Spells                   Type           Power      Damage    Failure   Level
 Foxfire                  Conj/Fire      0%         2x1d4     83%         1
 Conjure Flame            Conj/Fire      0%         6-21      99%         3
 Inner Flame              Hex/Fire       0%         N/A       99%         3
 Summon Guardian Golem    Hex/Summ       0%         N/A       99%         3
 Flame Wave               Conj/Fire      0%         2d4       100%        4
 Orb of Destruction       Conj           0%         9d5       100%        7
 Spellforged Servitor     Conj/Summ      0%         N/A       100%        7


Dungeon Overview and Level Annotations

Branches:
Dungeon (4/15)
 Temple: D:4-7

Altars:
Elyvilon
Sif Muna
Trog
The Shining One


Innate Abilities, Weirdness & Mutations

You are immune to sickness and miasma.
Your stone body is resilient. (AC +4)
You are immune to poison.
You resist negative energy. (rN+)
You are resistant to electric shocks. (rElec)
You are resistant to unholy torment.
You are immune to petrification.


Message History

You barely miss the iguana. You block the iguana's attack.
The iguana bites you but does no damage.
You closely miss the iguana. The iguana bites you.
You slash the iguana!
The iguana is heavily wounded.
The iguana bites you.
You hit the iguana.
The iguana is severely wounded.
The iguana bites you but does no damage.
The iguana bites you.
You barely miss the iguana.
The iguana is severely wounded.
The iguana barely misses you.
You slash the iguana!
You kill the iguana!
Your Axes skill increases to level 4!
No target in view!
No target in view!
No target in view!
You hear the slow rusting of a distant drain.
An ogre comes into view. It is wielding a +0 giant spiked club.
The ogre shouts!
An ogre is nearby!
Found a runed scale mail.
You barely miss the ogre.
The ogre hits you with a +0 giant spiked club!!
Ouch! That really hurt!
You completely miss the ogre. The ogre hits you but does no damage.
You hit the ogre but do no damage.
The ogre hits you with a +0 giant spiked club!
* * * LOW HITPOINT WARNING * * *
You barely miss the ogre.
The ogre hits you with a +0 giant spiked club.
* * * LOW HITPOINT WARNING * * *
You hit the ogre but do no damage. The ogre closely misses you.
You slash the ogre!
The ogre is heavily wounded.
The ogre hits you with a +0 giant spiked club!!
Ouch! That really hurt!
You die...

#.. [.. #.. #.# #.#
#.# #O# #@# #.#
###########.## ###
#............#.#
..####.####.##......#
....##.## #.##....#.#
###.##..#
#.##.#.##...
#$#.....# #.##.....
...# #+####..#
#.####.### ###


You could see an ogre.

Vanquished Creatures
  A howler monkey (D:4)
  2 orc priests
  An iguana (D:4)
  Terence (D:2)
  An orc wizard (D:2)
  4 adders
  A worm (D:3)
  3 dart slugs
  5 orcs
  6 endoplasms
  2 giant cockroaches
  4 goblins
  4 hobgoblins
  3 jackals (D:1)
  2 quokkas
  6 ball pythons
  5 bats
  2 frilled lizards (D:3)
  5 kobolds
  6 rats
64 creatures vanquished.

Notes
Turn   | Place    | Note
-------+----------+-------------------------------------------
     0 | D:1      | bande the Gargoyle Fighter began the quest for the Orb.
     0 | D:1      | Reached XP level 1. HP: 14/14 MP: 1/1
   271 | D:1      | Found a faded altar of an unknown god.
   275 | D:1      | Reached XP level 2. HP: 16/19 MP: 2/2
   668 | D:1      | You fall into a shaft and drop 1 floor!
  1116 | D:1      | Reached XP level 3. HP: 24/24 MP: 3/3
  1501 | D:2      | Found a white marble altar of Elyvilon.
  1532 | D:2      | Noticed Terence
  1544 | D:2      | Killed Terence
  1545 | D:2      | Reached XP level 4. HP: 18/29 MP: 4/4
  1577 | D:2      | Reached skill level 1 in Evocations
  1589 | D:2      | Reached XP level 5. HP: 17/33 MP: 5/5
  1985 | D:3      | Found a shimmering blue altar of Sif Muna.
  2211 | D:3      | Found a bloodstained altar of Trog.
  2318 | D:3      | Found a glowing golden altar of the Shining One.
  2605 | D:4      | Reached XP level 6. HP: 25/38 MP: 6/6
  2633 | D:4      | Mangled by an ogre

Illustrated notes

Levels and vault maps discovered:
D:1:      dpeg_arrival_pond, layout_basic, hellmonk_ecumenical_altar_dog_temple
D:2:      layout_basic, basic_altar, uniq_terence
D:3:      layout_rooms, mainiacjoe_overflow_chevrons,
          mainiacjoe_overflow_alcove_2, trog_three_pillars_becter
D:4:      layout_loops_corners, tgw_kikubaaqudgha, cheibrodos_sewer_entry_bend,
          grunt_tough_drop, uniq_robin, uniq_crazy_yiuf_cottage

Skill      XL: |  1  2  3  4  5  6 |
---------------+-------------------+-----
Axes           | 2 3 4 |  4.0
Evocations     | 1 |  1.9
Armour         | 4 |  4.3
Fighting       | 4 |  4.0
Shields        | |  3.9

Action                   |  1- 3 |  4- 6 || total
-------------------------+-------+-------++-------
Melee: War axe           |    71 |    99 ||   170
  Use: Scroll            |     5 |    10 ||    15
Armor: Scale mail        |    48 |    55 ||   103
Dodge: Dodged            |    37 |    38 ||    75
Block: Buckler           |    23 |    34 ||    57

Table legend: (Time is in decaauts)
 A = Elapsed time spent in this place.
 B = Non-inter-level travel time spent in this place.
 C = Inter-level travel time spent in this place.
 D = Time resting spent in this place.
 E = Time spent auto-exploring this place.
 F = Levels seen in this place.
 G = Mean time per level.
                   A        B        C        D        E       F      G
               +--------+--------+--------+--------+--------+-----+--------+
         Total |   2700 |   2660 |     40 |    592 |   1474 |   4 |  675.0 |
       Dungeon |   2700 |   2660 |     40 |    592 |   1474 |   4 |  675.0 |
               +--------+--------+--------+--------+--------+-----+--------+

Top non-repeatable levels by time:
     D:1: 1333 daAuts
     D:2: 667 daAuts
     D:3: 478 daAuts
     D:4: 220 daAuts
